 Dungeon Crawl Stone Soup version 0.25-a0-163-g00f8f0cddd (webtiles) character file.

Game seed: 16136054724625905947, levelgen mode: deterministic

678 Gargoyl the Skirmisher (level 7, 0/59 HPs)
             Began as a Centaur Abyssal Knight on Nov 22, 2019.
             Was a Believer of Lugonu.
             Engulfed by a cloud of freezing vapour (23 damage)
             ... on level 5 of the Dungeon.
             The game lasted 00:07:25 (4652 turns).

Gargoyl the Skirmisher (Centaur Abyssal Knight)     Turns: 4652, Time: 00:07:25

Health: 0/59       AC: 12    Str: 15    XL:     7   Next: 34%
Magic:  18/18      EV:  0    Int: 15    God:    Lugonu [**....]
Gold:   346        SH:  6    Dex: 10    Spells: 6/6 levels left

rFire    . . .     SeeInvis .   a - +3 hand axe
rCold    . . .     Gourm    .   t - +0 shield
rNeg     . . .     Faith    .   d - +0 plate armour
rPois    .         Spirit   .   b - +2 helmet
rElec    .         Reflect  .   f - scarf {repulsion}
rCorr    .         Harm     .   (no gloves)
MR       .....                  (no barding)
Stlth    ..........             (no amulet)
HPRegen  0.19/turn              h - +4 ring of intelligence
MPRegen  0.16/turn              v - ring of magical power

@: repel missiles, very quick
A: large, hooves 3, deformed body, speed 2, tough skin 3
a: Depart the Abyss, Bend Space, Renounce Religion


You were on level 5 of the Dungeon.
You worshipped Lugonu.
Lugonu was pleased with you.
You were not hungry.

You visited 1 branch of the dungeon, and saw 6 of its levels.
You visited the Abyss 1 time.

You collected 346 gold pieces.

Inventory:

Hand Weapons
 a - a +3 hand axe (weapon)
Missiles
 l - 4 boomerangs (quivered)
Armour
 b - a +2 helmet (worn)
 d - a +0 plate armour (worn)
 f - a scarf of repulsion (worn)
 t - a +0 shield (worn)
Jewellery
 h - a +4 ring of intelligence (left hand)
 v - a ring of magical power (right hand)
Wands
 e - a wand of disintegration (16)
 m - a wand of polymorph (8)
Scrolls
 i - 3 scrolls of identify
 j - 3 scrolls of blinking
 k - a scroll of fear {unknown}
 n - 3 scrolls of magic mapping
 q - 3 scrolls of remove curse
 r - a scroll of amnesia
Potions
 g - 3 potions of magic
 o - 2 potions of haste {unknown}
 p - a potion of flight {unknown}
 s - a potion of curing {unknown}
 u - a potion of degeneration {unknown}
Comestibles
 c - 6 rations


   Skills:
 + Level 4.1 Fighting
 + Level 4.1 Axes
 + Level 0.5 Throwing
 * Level 3.5 Armour
 * Level 2.2 Dodging
 + Level 0.1 Shields
 * Level 3.7 Invocations


You had 6 spell levels left.
You didn't know any spells.
Your spell library was empty.

Dungeon Overview and Level Annotations

Branches:
Dungeon (6/15)             Temple (0/1) D:5

Altars:
Cheibriados
Fedhas
Hepliaklqana
Xom


Innate Abilities, Weirdness & Mutations

You have hooves in place of feet.
Armour fits poorly on your strangely shaped body.
You cover ground very quickly.
You have extremely tough skin. (AC +3)


Message History

m - a wand of polymorph (8)
There is a stone staircase leading up here.
You see here a plate armour.
You see here a +0 giant club.
There is a stone staircase leading up, spattered with blood here.
You see here a hand axe.
You open the door.
There is an open door here.
Partly explored, can't reach some items and places.
Really walk into a travel-excluded area?
Really walk into that cloud of freezing vapour?
You are engulfed in freezing vapours.
Really walk into that cloud of freezing vapour?
You are engulfed in freezing vapours.
You are engulfed in freezing vapours.
You are engulfed in freezing vapours.
You are engulfed in freezing vapours.
You start resting.
You are engulfed in freezing vapours.
You die...

######.### #.######.....#.#
.)<..).# #.....##.....#.#
######## #####..#######.#
##..# #.#
####################.######.##
####################†...#....#
?$)°°....§§☼☼☼☼☼☼###....#....#
################☼#......#....#
....☼○○○°§§§§§§§@###....#)...#
####################....#....#
#########################....#
# #....# #....# ######


There were no monsters in sight!

Vanquished Creatures
  A phantom (D:2)
  2 ogres (D:5)
  A bullfrog (D:3)
  A howler monkey (D:4)
  An orc priest (D:4)
  A gnoll shaman (D:5)
  2 worker ants
  A hound skeleton (D:5)
  A worker ant zombie (D:5)
  8 adders
  3 gnolls (D:5)
  A shadow imp (D:5)
  An ooze (D:3)
  An adder zombie (D:5)
  2 worms
  3 dart slugs
  3 leopard geckos
  4 orcs
  2 ball pythons (D:3)
  6 giant cockroaches
  3 goblins
  7 hobgoblins
  2 kobolds (D:1)
  2 quokkas
  4 bats
  5 frilled lizards
  2 jackal zombies
  6 rats
76 creatures vanquished.

Notes
Turn   | Place    | Note
-------+----------+-------------------------------------------
     0 | Abyss:1  | Gargoyl the Centaur Abyssal Knight began the quest for the
                  | Orb.
     0 | Abyss:1  | Reached XP level 1. HP: 19/19 MP: 2/2
    47 | Abyss:1  | Found a corrupted altar of Lugonu.
   101 | Abyss:3  | Found a corrupted altar of Lugonu.
   122 | Abyss:4  | Noticed a thrashing horror
   122 | Abyss:4  | Noticed a thrashing horror
   122 | Abyss:4  | Noticed a thrashing horror
   125 | D:1      | Escaped the Abyss
   379 | D:1      | Reached * piety under Lugonu
   521 | D:1      | Reached XP level 2. HP: 26/26 MP: 3/3
  1221 | D:2      | Found a shimmering altar of Xom.
  1337 | D:2      | Reached skill level 1 in Dodging
  1337 | D:2      | Reached XP level 3. HP: 26/31 MP: 4/4
  1593 | D:2      | Noticed a phantom
  1607 | D:2      | Killed a phantom
  1607 | D:2      | Reached XP level 4. HP: 25/38 MP: 4/6
  1952 | D:3      | Reached XP level 5. HP: 44/45 MP: 7/7
  1973 | D:3      | Reached ** piety under Lugonu
  2392 | D:3      | Reached XP level 6. HP: 49/52 MP: 8/8
  2583 | D:3      | You fall into a shaft and drop 1 floor!
  2749 | D:4      | Found a blossoming altar of Fedhas.
  2799 | D:4      | Found a snail-covered altar of Cheibriados.
  2885 | D:5      | Entered Level 5 of the Dungeon
  3513 | D:4      | Found a hazy altar of Hepliaklqana.
  3555 | D:5      | Reached XP level 7. HP: 39/59 MP: 9/9
  3782 | D:5      | Found a staircase to the Ecumenical Temple.
  4438 | D:5      | You fall into a shaft and drop 1 floor!
  4652 | D:5      | Engulfed by a cloud of freezing vapour

Levels and vault maps discovered:
D:1:      wander_arrival_peaceful_grave, layout_basic
D:2:      layout_basic, tgw_xom, grunt_ministairs_4, minmay_curled_crystal
D:3:      layout_rooms, first_ration
D:4:      layout_rooms, nicolae_overflow_hidden_temple, kennysheep_mini_moat,
          lemuel_statue_altar
D:5:      lemuel_ice_spiral_2, layout_rooms, minmay_temple_entry_mist
D:6:      layout_basic, nicolae_tso_besieged_by_evil, kennysheep_mini,
          gammafunk_temple_of_torment, basic_altar, uniq_grinder

Skill      XL: |  1  2  3  4  5  6  7 |
---------------+----------------------+-----
Axes           | 2 3 4 |  4.1
Dodging        | 1 2 |  2.2
Armour         | 2 3 |  3.5
Invocations    | 3 |  3.7
Fighting       | 4 |  4.1
Throwing       | |  0.5
Shields        | |  0.1

Action                   |  1- 3 |  4- 6 |  7- 9 || total
-------------------------+-------+-------+-------++-------
Melee: Hand axe          |    78 |   108 |    60 ||   246
       Kick              |    12 |    24 |    12 ||    48
Throw: Boomerang         |       |     8 |       ||     8
Invok: Depart the Abyss  |     1 |       |       ||     1
       Bend Space        |       |     1 |       ||     1
  Use: Scroll            |     7 |     2 |     2 ||    11
       Potion            |       |     3 |       ||     3
  Eat: Chunk             |       |     6 |       ||     6
       Ration            |       |       |     1 ||     1
Armor: Plate armour      |    88 |    96 |    50 ||   234
Dodge: Dodged            |     7 |    13 |     3 ||    23
       Deflected         |     1 |       |       ||     1
Block: Shield            |       |     4 |    25 ||    29

Table legend:
 A = Non-vault XP
 B = Vault XP
 C = Vault XP percentage of total XP
 D = Non-vault monster count
 E = Vault monster count
 F = Vault count percentage of total count
                 A         B        C        D         E       F
            +---------+---------+-------+---------+---------+-------
      Total |     958 |      11 |   1.1 |      70 |       6 |   7.9
            +---------+---------+-------+---------+---------+-------
        D:1 |      21 |       0 |   0.0 |      11 |       0 |   0.0
        D:2 |     161 |       8 |   4.7 |      16 |       4 |  20.0
        D:3 |     196 |       0 |   0.0 |      20 |       0 |   0.0
        D:4 |     154 |       3 |   1.9 |       7 |       2 |  22.2
        D:5 |     426 |       0 |   0.0 |      16 |       0 |   0.0
            +---------+---------+-------+---------+---------+-------
